 Dungeon Crawl Stone Soup version 0.26-a0-612-gd4d190f45e (webtiles) character file.

Game seed: 16895545833573664276

10 DogServant the Vexing (level 2, 0/11 HPs)
             Began as a Felid Enchanter on Sept 10, 2020.
             Slain by a jackal (3 damage)
             ... on level 1 of the Dungeon.
             The game lasted 00:02:14 (611 turns).

DogServant the Vexing (Felid Enchanter)              Turns: 611, Time: 00:02:14

Health: 0/11       AC:  1    Str:  4    XL:     2   Next: 10%
Magic:  5/6        EV: 18    Int: 16    God:
Gold:   10         SH:  0    Dex: 16    Spells: 4/5 levels left
                                        Lives:  0   Deaths: 0

rFire    . . .     SeeInvis +     - Unarmed
rCold    . . .     Faith    .   (shield unavailable)
rNeg     . . .     Spirit   .   (armour unavailable)
rPois    .         Reflect  .   (helmet unavailable)
rElec    .         Harm     .   (cloak unavailable)
rCorr    .                      (gloves unavailable)
MR       .....                  (boots unavailable)
Stlth    +++.......             (no amulet)
HPRegen  0.03/turn              (no ring)
MPRegen  0.10/turn              (no ring)

@: quick
A: very small, no armour, no weapons or thrown items, stealth, claws 1, fangs 3,
see invisible, speed 1, shaggy fur 1, sharp paws
a: no special abilities


You were on level 1 of the Dungeon.
You visited 1 branch of the dungeon, and saw 1 of its levels.

You collected 10 gold pieces.

Inventory:

Scrolls
 a - 2 scrolls of identify
 b - 2 scrolls of amnesia


   Skills:
 + Level 2.7 Dodging
 + Level 4.3 Stealth
 + Level 1.4 Unarmed Combat
 + Level 2.0 Spellcasting
 + Level 4.6 Hexes


You had 4 spell levels left.
You knew the following spells:

 Your Spells              Type           Power        Failure   Level
a - Corona                Hex            ###....      3%          1

Your spell library contained the following spells:

 Spells                   Type           Power        Failure   Level
 Confusing Touch          Hex            ###.....     10%         3
 Tukima's Dance           Hex            ###.....     10%         3
 Ensorcelled Hibernation  Hex/Ice        #.....       12%         2
 Dazzling Flash           Conj/Hex       #.....       24%         3


Dungeon Overview and Level Annotations

Branches:
Dungeon (1/15)

Altars:


Innate Abilities, Weirdness & Mutations

You cannot wear armour.
You are incapable of wielding weapons or throwing items.
Your paws allow you to move quietly. (Stealth)
You have sharp claws.
You have razor-sharp teeth.
You have supernaturally acute eyesight. (SInv)
You cover ground quickly.
You are covered in fur. (AC +1)
Your sharp claws are effective at attacking unaware monsters.


Message History

You don't know that spell.
Casting: Corona (safe; 3% risk of failure)
Confirm with . or Enter, or press ? or * to list all spells.
You don't know that spell.
You closely miss the jackal. You bite the jackal.
The jackal is severely wounded.
The jackal closely misses you. The jackal bites you. The jackal bites you.
* * * LOW HITPOINT WARNING * * *
Your magical contamination has completely faded away.
Memorise Ensorcelled Hibernation, consuming 2 spell levels and leaving 2?
The jackal barely misses you.
You start memorising the spell.
You continue memorising.
The jackal misses you. x2
You continue memorising.
The jackal bites you but does no damage.
Your memorisation is interrupted.
The jackal completely misses you. The jackal closely misses you.
The jackal closely misses you. The jackal bites you.
You die...

.......#####.....##.......#######
...........'.....''............>#
.......#####.....##..........##.#
.......# ####'###..........##.#
######## #.# #..........+..# #.#
#..........##.# #.#
#..........##.# #########
#####'########.....##.# h..h..r.#
#....h@..# #.........
#######.###....h...# #......#..
### #..##....h...# #......### ..#
##.##........# #......# # ###
#....r......# #......# #
#...........# #.....## #
##...........###########


#PPPPPPPPPPP.P....## #P.).......P.P...... You could see 3 jackals and a rat.

Vanquished Creatures
  An ooze (D:1)
  A bat (D:1)
  A goblin (D:1)
  A hobgoblin (D:1)
  2 frilled lizards (D:1)
  A rat (D:1)
7 creatures vanquished.

Notes
Turn   | Place    | Note
-------+----------+-------------------------------------------
     0 | D:1      | DogServant the Felid Enchanter began the quest for the Orb.
     0 | D:1      | Reached XP level 1. HP: 7/7 MP: 4/4
   348 | D:1      | Reached XP level 2. HP: 5/11 MP: 6/6
   611 | D:1      | Slain by a jackal

Illustrated notes

Levels and vault maps discovered:
D:1:      eino_arrival_druids_welcome, layout_basic,
          chequers_serial_rivers_large_a, minmay_hedge_maze

Action                   || total
-------------------------++-------
Melee: Unarmed           ||    30
       Bite              ||     2
       Punch             ||     1
 Cast: Corona            ||     8
  Use: Scroll            ||     1
 Stab: Sleeping          ||     4
Armor: Skin              ||     4
Dodge: Dodged            ||    40

Table legend: (Time is in decaauts)
 A = Elapsed time spent in this place.
 B = Non-inter-level travel time spent in this place.
 C = Inter-level travel time spent in this place.
 D = Time resting spent in this place.
 E = Time spent auto-exploring this place.
 F = Levels seen in this place.
 G = Mean time per level.
                   A        B        C        D        E       F      G
               +--------+--------+--------+--------+--------+-----+--------+
         Total |    562 |    562 |      0 |     41 |    403 |   1 |  562.0 |
       Dungeon |    562 |    562 |      0 |     41 |    403 |   1 |  562.0 |
               +--------+--------+--------+--------+--------+-----+--------+

Top non-repeatable levels by time:
     D:1: 562 daAuts
